 Dungeon Sprint DCSS version 0.19.1 (webtiles) character file.

1269 dvd the Grappler (level 8, -2/92 HPs)
             Began as a Troll Berserker on Dec 12, 2016.
             Was an Elder of Trog.
             Slain by a demonic crawler (5 damage)
             ... in the Dungeon (Sprint I: "Red Sonja").
             The game lasted 00:02:13 (307 turns).

dvd the Grappler (Troll Berserker)                   Turns: 307, Time: 00:02:14

Health: -2/92      AC:  6    Str: 26    XL:     8   Next: 28%
Magic:  7/7        EV: 14    Int:  3    God:    Trog [****..]
Gold:   300        SH:  0    Dex: 11    Spells: 0 memorised, 7 levels left

rFire  . . .     SeeInvis .       - Unarmed
rCold  . . .     Gourm    +     a - +1 animal skin
rNeg   . . .     Faith    .     (no shield)
rPois  .         Spirit   .     (helmet restricted)
rElec  .         Reflect  .     (no cloak)
rCorr  .         Harm     .     (gloves unavailable)
MR     .....     NoTele   +     (boots unavailable)
Stlth  +.........               (no amulet)
                                (no ring)
                                (no ring)

@: exhausted, very slightly contaminated, hasted and slowed
A: unfitting armour, claws 3, fast metabolism 3, gourmand, regeneration 1,
shaggy fur 1, tough skin 2
a: Berserk, Trog's Hand, Brothers in Arms, Burn Spellbooks, Renounce Religion


You were in the Dungeon.
You worshipped Trog.
Trog was greatly pleased with you.
You were not hungry.

You visited 1 branch You collected 405 gold pieces.
You spent 105 gold pieces at shops.

Inventory:

Armour
 a - a +1 animal skin (worn)
Wands
 i - a wand of slowing (21/48)
Scrolls
 h - a scroll of blinking
Potions
 c - a potion of curing
 d - a potion of heal wounds
 f - 2 potions of magic
 g - a potion of berserk rage
Comestibles
 b - a bread ration


   Skills:
 + Level 9.2 Fighting
 + Level 8.9 Dodging
 + Level 0.5 Stealth
 + Level 11.5 Unarmed Combat


You had 7 spell levels left.
You didn't know any spells.

Dungeon Overview and Level Annotations

Branches:
Dungeon (1/1)

Altars:
Cheibriados
Dithmenos
Elyvilon
Fedhas
Gozag
Hepliaklqana
Kikubaaqudgha
Makhleb
Nemelex Xobeh
Okawaru
Qazlal
Ru
Sif Muna
Trog
Uskayaw
Vehumet
Xom
Yredelemnul
Zin
The Shining One
Jiyva
Lugonu

Shops:
D *


Innate Abilities, Weirdness & Mutations

You are too large for most types of armour.
You have claws for hands.
Your metabolism is lightning-fast.
You like to eat raw meat.
Your natural rate of healing is unusually fast.
You are covered in fur. (AC +1)
You have very tough skin. (AC +2)


Message History

* * * LOW HITPOINT WARNING * * *
The demonic crawler completely misses you.
The demonic crawler closely misses you.
There is an open door here.
You close the door.
The demonic crawler closely misses you. The demonic crawler hits you!
* * * LOW HITPOINT WARNING * * *
The demonic crawler barely misses you.
You mangle the demonic crawler!! You claw the demonic crawler.
The demonic crawler is heavily wounded.
The demonic crawler hits you!
* * * LOW HITPOINT WARNING * * *
The demonic crawler misses you. The demonic crawler barely misses you.
You mangle the demonic crawler!!
The demonic crawler is almost dead.
The demonic crawler completely misses you.
The demonic crawler hits you.
* * * LOW HITPOINT WARNING * * *
The demonic crawler hits you.
You die...

#########################
<.#..)..#..'..#__#s.s)..#
..'[.#..').#..'.@+s.#)..##+#
..#####'#####'#_s####..s'..#
..####..#...#(#### #####..+
..#__####..##)#§§ ##
..#_____##'#..+§§
⌠⌠#_.∩...'..._#§§§
###_..__##_.#'# +#
#_____###+#(# ####### ###


You could see a demonic crawler.

Vanquished Creatures
  2 kobold demonologists (D)
  A slime creature (D)
  Sigmund (D)
  A yak (D)
  A floating eye (D)
  An ogre (D)
  A jelly (D)
  Ijyb (D)
9 creatures vanquished.

Notes
Turn   | Place    | Note
-------+----------+-------------------------------------------
     0 | D        | dvd the Troll Berserker began the quest for the Orb.
     0 | D        | Reached XP level 1. HP: 22/22 MP: 0/0
     1 | D        | Noticed Ijyb
     8 | D        | Killed Ijyb
     8 | D        | Reached skill level 4 in Unarmed Combat
     8 | D        | Reached XP level 2. HP: 27/32 MP: 1/1
    15 | D        | Noticed an ogre
    19 | D        | Killed an ogre
    19 | D        | Reached skill level 5 in Fighting
    19 | D        | Reached skill level 5 in Dodging
    19 | D        | Reached skill level 5 in Unarmed Combat
    19 | D        | Reached XP level 3. HP: 3/42 MP: 2/2
    19 | D        | Reached XP level 4. HP: 4/50 MP: 3/3
   107 | D        | Noticed Sigmund
   111 | D        | Killed Sigmund
   111 | D        | Reached ** piety under Trog
   111 | D        | Reached skill level 7 in Unarmed Combat
   111 | D        | Reached XP level 5. HP: 61/61 MP: 4/4
   129 | D        | Found a deep blue altar of Sif Muna.
   131 | D        | Found a radiant altar of Vehumet.
   135 | D        | Reached skill level 8 in Unarmed Combat
   135 | D        | Reached XP level 6. HP: 26/68 MP: 5/5
   222 | D        | Found Linefoal's General Store.
   222 | D        | Found an ancient bone altar of Kikubaaqudgha.
   222 | D        | Found a hazy altar of Hepliaklqana.
   222 | D        | Found a hide-covered altar of Uskayaw.
   222 | D        | Found a basalt altar of Yredelemnul.
   222 | D        | Found an opulent altar of Gozag.
   222 | D        | Found a snail-covered altar of Cheibriados.
   222 | D        | Found a sacrificial altar of Ru.
   222 | D        | Found a shadowy altar of Dithmenos.
   222 | D        | Noticed a yak
   227 | D        | Killed a yak
   227 | D        | Reached skill level 9 in Unarmed Combat
   228 | D        | Found a stormy altar of Qazlal.
   228 | D        | Found a blossoming altar of Fedhas.
   228 | D        | Found a bloodstained altar of Trog.
   228 | D        | Found an iron altar of Okawaru.
   228 | D        | Found a glowing golden altar of the Shining One.
   228 | D        | Found a glowing silver altar of Zin.
   228 | D        | Found a white marble altar of Elyvilon.
   229 | D        | Found a sparkling altar of Nemelex Xobeh.
   233 | D        | Bought a scroll of enchant armour for 105 gold pieces
   252 | D        | Found a viscous altar of Jiyva.
   252 | D        | Found a corrupted altar of Lugonu.
   252 | D        | Noticed a slime creature
   253 | D        | Found a burning altar of Makhleb.
   253 | D        | Found a shimmering altar of Xom.
   259 | D        | Killed a slime creature
   259 | D        | Reached *** piety under Trog
   259 | D        | Reached XP level 7. HP: 77/80 MP: 6/6
   275 | D        | Noticed a kobold demonologist
   276 | D        | Noticed a kobold demonologist
   278 | D        | Noticed a sixfirhy
   280 | D        | Killed a kobold demonologist
   280 | D        | Reached skill level 10 in Unarmed Combat
   282 | D        | Killed a kobold demonologist
   282 | D        | Reached **** piety under Trog
   282 | D        | Reached skill level 11 in Unarmed Combat
   282 | D        | Reached XP level 8. HP: 92/92 MP: 7/7
   282 | D        | Paralysed by a floating eye for 3 turns
   294 | D        | Noticed a demonic crawler
   294 | D        | Noticed a demonic crawler
   294 | D        | Noticed a demonic crawler
   294 | D        | Noticed a demonic crawler
   307 | D        | HP: 3/92 [demonic crawler (5)]
   307 | D        | Slain by a demonic crawler

Skill      XL: |  1  2  3  4  5  6  7 |
---------------+----------------------+-----
Fighting       | 3 5 6 8 9 |  9.2
Dodging        | 3 5 6 7 8 |  8.9
Unarmed Combat | 4 5 7 8 9 11 | 11.5
Stealth        | |  0.5

Action                   |  1- 3 |  4- 6 |  7- 9 || total
-------------------------+-------+-------+-------++-------
Melee: Unarmed           |    10 |    17 |    10 ||    37
       Punch             |       |       |     2 ||     2
Invok: Berserk           |       |     1 |     1 ||     2
  Use: Scroll            |       |     1 |       ||     1
       Potion            |       |       |     1 ||     1
  Eat: Bread ration      |       |       |     1 ||     1
Armor: Animal skin       |       |     1 |     4 ||     5
Dodge: Dodged            |     2 |     7 |    18 ||    27
